 Dungeon Sprint DCSS version 0.31-a0-750-gfe7b580527 (webtiles) character file.

Game seed: 13690729785158278295

226 rocky1 the Mimic (level 6, -4/57 HPs)
             Began as an Octopode Shapeshifter on Sept 15, 2023.
             Was an Initiate of Gozag.
             Slain by a vampire (7 damage)
             ... in the Dungeon (Sprint IX: "|||||||||||||||||||||||||||||").
             The game lasted 00:01:30 (253 turns).

rocky1 the Mimic (Octopode Shapeshifter)             Turns: 253, Time: 00:01:31

Health: -4/57      AC: 23    Str: 15    XL:     6   Next: 1%
Magic:  6/6        EV:  2    Int: 12    God:    Gozag
Gold:   0          SH:  0    Dex: 15    Spells: 5/5 levels left

rFire   . .          .
                       - Unarmed
rCold   . . .        (no shield)
rNeg    . . .        (helmet currently unavailable)
rPois   +            (no amulet)
rElec   .            l - +3 ring of dexterity
rCorr   .            m - +2 ring of evasion
SInv    .            (no ring)
Will    .....        (no ring)
Stlth   +            (no ring)
HPRegen 0.29/turn    (no ring)
MPRegen 0.10/turn    (no ring)
                     (no ring)

%: no teleportation
@: tree-form
A: stationary, stasis, torment immunity, boosted hp, almost no armour,
(amphibious), 8 rings, (camouflage 1), (gelatinous body 1), (nimble swimmer 1),
(tentacles)
a: Renounce Religion, Potion Petition, Call Merchant, Bribe Branch


You were in the Dungeon.
You worshipped Gozag.
Gozag was noncommittal.
You were a tree.
You visited 1 branch

Inventory:

Jewellery
 l - a +3 ring of dexterity (left branch)
 m - a +2 ring of evasion (right branch)
Talismans
 b - a beast talisman
 c - a flux talisman
Wands
 k - a wand of quicksilver (10)
Scrolls
 i - 2 scrolls of blinking
 j - 2 scrolls of amnesia
Potions
 d - 3 potions of curing
 e - 2 potions of heal wounds
 f - a potion of haste
 g - 4 potions of magic
 h - a potion of invisibility


   Skills:
 * Level 1.3 Fighting
 + Level 3.7 Dodging
 + Level 8.2 Unarmed Combat
 + Level 8.3 Shapeshifting


You had 5 spell levels left.
You didn't know any spells.
Your spell library was empty.

Dungeon Overview and Level Annotations

Branches:
Dungeon (1/1)

Altars:
Cheibriados
Dithmenos
Elyvilon
Fedhas
Gozag
Hepliaklqana
Kikubaaqudgha
Makhleb
Nemelex Xobeh
Okawaru
Qazlal
Ru
Sif Muna
Trog
Uskayaw
Vehumet
Wu Jian
Xom
Yredelemnul
Zin
The Shining One
Jiyva
Lugonu


Innate Abilities, Weirdness & Mutations

You are a tree.
Your roots penetrate the ground, keeping you stationary.
You cannot be teleported.
You are immune to unholy pain and torment.
Your maximum health is greatly increased.
You cannot wear most types of armour.
((You are amphibious.))
You can wear up to eight rings at the same time.
((Your skin changes colour to match your surroundings (Stealth+).))
((Your rubbery body absorbs attacks. (AC +1, EV +1)))
((You are camouflaged when in or above water. (Stealth+)))
((You have tentacles for arms and can constrict up to eight enemies at once.))


Message History

Press: ? - help, Dir - move target You miss something.
You punch something.
You hear some strange, mumbled words.
You are confused.
Unknown command.
You feel better. Something hits you. Something bites you but does no damage.
Smack: -) Branches
Press: ? - help, Dir - move target, f - you That would be overly suicidal.
Okay, then.
Smack: -) Branches
Press: ? - help, Dir - move target You smack something!
Something hits you but does no damage. Something bites you but does no damage.
Unknown command.
Smack: -) Branches
Press: ? - help, Dir - move target You barely miss something.
Something hits you but does no damage. Something bites you but does no damage.
Unknown command.
Smack: -) Branches
Press: ? - help, Dir - move target You miss something.
Something hits you but does no damage. Something bites you.
* * * LOW HITPOINT WARNING * * *
Something draws strength from your injuries!
Unknown command.
Smack: -) Branches
Press: ? - help, Dir - move target You smack something!
Unknown command.
Smack: -) Branches
Press: ? - help, Dir - move target You smack something!
Something draws life force from you!
* * * LOW HITPOINT WARNING * * *
Unknown command.
Smack: -) Branches
Press: ? - help, Dir - move target You miss something.
Something hits you!
You die...
Your body crumbles into a pile of gold.

▓.▓
▓)▓
▓.▓
▓[▓
▓[▓
▓[▓
▓.▓
▓.▓
▓♣▓
▓{▓
▓o▓
▓y▓
▓W▓
▓{▓
▓D▓
▓+▓


You could see a wraith, an orc warrior, an acid dragon and a vampire mosquito.

Vanquished Creatures
  An ogre (D)
  A scorpion (D)
  A hound (D)
  An iguana (D)
  An orc wizard (D)
  A ball python (D)
  2 endoplasms (D)
  A hobgoblin (D)
  A goblin (D)
10 creatures vanquished.

Notes
Turn   | Place    | Note
-------+----------+-------------------------------------------
     0 | D        | rocky1 the Octopode Shapeshifter began the quest for the
                  | Orb.
     0 | D        | Reached XP level 1. HP: 13/13 MP: 1/1
   119 | D        | Noticed a scorpion
   119 | D        | Noticed an iguana
   119 | D        | Noticed a hound
   119 | D        | Noticed an orc wizard
   119 | D        | Noticed an ogre
   123 | D        | Killed a scorpion
   124 | D        | Reached skill level 5 in Unarmed Combat
   124 | D        | Reached XP level 2. HP: 18/18 MP: 2/2
   124 | D        | Reached XP level 3. HP: 23/23 MP: 3/3
   124 | D        | Reached XP level 4. HP: 28/28 MP: 4/4
   129 | D        | Reached XP level 5. HP: 33/33 MP: 5/5
   133 | D        | Killed an ogre
   134 | D        | Reached XP level 6. HP: 38/38 MP: 6/6
   171 | D        | Found a snail-covered altar of Cheibriados.
   171 | D        | Found a shadowy altar of Dithmenos.
   171 | D        | Found a white marble altar of Elyvilon.
   171 | D        | Found a blossoming altar of Fedhas.
   171 | D        | Found an opulent altar of Gozag.
   172 | D        | Found a hazy altar of Hepliaklqana.
   173 | D        | Found a viscous altar of Jiyva.
   174 | D        | Found an ancient bone altar of Kikubaaqudgha.
   175 | D        | Found a corrupted altar of Lugonu.
   176 | D        | Found a burning altar of Makhleb.
   177 | D        | Found a sparkling altar of Nemelex Xobeh.
   178 | D        | Found an iron altar of Okawaru.
   179 | D        | Found a stormy altar of Qazlal.
   180 | D        | Found a sacrificial altar of Ru.
   181 | D        | Found a shimmering blue altar of Sif Muna.
   182 | D        | Found a bloodstained altar of Trog.
   187 | D        | Became a worshipper of Gozag Ym Sagoz the Greedy
   192 | D        | Found a hide-covered altar of Uskayaw.
   193 | D        | Found a radiant altar of Vehumet.
   194 | D        | Found an ornate altar of the Wu Jian Council.
   195 | D        | Found a shimmering altar of Xom.
   196 | D        | Found a basalt altar of Yredelemnul.
   197 | D        | Found a glowing silver altar of Zin.
   198 | D        | Found a glowing golden altar of the Shining One.
   224 | D        | Noticed a vampire
   224 | D        | Noticed an orc warrior
   224 | D        | Noticed a vampire mosquito
   224 | D        | Noticed a wraith
   224 | D        | Noticed an acid dragon
   253 | D        | Slain by a vampire

Illustrated notes

Levels and vault maps discovered:
D:        linesprint [early_d, line_temple, items_1, d_10, items_2, lair_1,
          lair_end, items_3, orc_1, orc_end, items_4, d_15, swamp_1, shoals_1,
          snake_1, spider_1, d_20, vaults_1, items_5, swamp_end, shoals_end,
          snake_end, spider_end, vaults_end, d_27, items_6, zot_1, zot_end,
          crypt_end, forest_end, elf_end, slime_end, tomb_end, abyss_end,
          pan_hell_end]

Skill      XL: |  1  2  3  4  5 |
---------------+----------------+-----
Shapeshifting  | 6 7 8 |  8.3
Unarmed Combat | 5 6 8 |  8.2
Dodging        | 3 |  3.7
Fighting       | |  1.3

Action                     |  1- 3 |  4- 6 || total
---------------------------+-------+-------++-------
  Melee: Unarmed           |    12 |    31 ||    43
         Constrict         |     2 |     2 ||     4
         Tentacles         |     2 |     1 ||     3
         Punch             |       |     1 ||     1
    Use: Potion            |     1 |     4 ||     5
 Armour: Skin              |     3 |    40 ||    43
  Dodge: Dodged            |     3 |     2 ||     5

Table legend: (Time is in decaauts)
 A = Elapsed time spent in this place.
 B = Non-inter-level travel time spent in this place.
 C = Inter-level travel time spent in this place.
 D = Time resting spent in this place.
 E = Time spent auto-exploring this place.
 F = Levels seen in this place.
 G = Mean time per level.
                   A        B        C        D        E       F      G
               +--------+--------+--------+--------+--------+-----+--------+
         Total |    251 |    251 |      0 |    141 |      0 |   1 |  251.0 |
       Dungeon |    251 |    251 |      0 |    141 |      0 |   1 |  251.0 |
               +--------+--------+--------+--------+--------+-----+--------+

Top non-repeatable levels by time:
       D: 251 daAuts
